 Dungeon Crawl Stone Soup version 0.28.0-53-g5a82cb258f (webtiles) character file.

Game seed: 15005117286559848956

564 Descartes the Cudgeller (level 7, 0/68 HPs)
             Began as a Troll Warper on May 24, 2022.
             Slain by Menkaure (14 damage)
             ... on level 4 of the Dungeon.
             The game lasted 00:08:59 (3333 turns).

Descartes the Cudgeller (Troll Warper)              Turns: 3333, Time: 00:09:00

Health: 0/68       AC:  4    Str: 20    XL:     7   Next: 10%
Magic:  7/7        EV:  9    Int: 11    God:
Gold:   119        SH:  0    Dex:  9    Spells: 3/8 levels left

rFire   . . .      SeeInvis .   p - +2 flail (drain)
rCold   . . .      Faith    .   (no shield)
rNeg    . . .      Spirit   .   b - +0 robe
rPois   .          Reflect  .   (helmet restricted)
rElec   .          Harm     .   (no cloak)
rCorr   .          Rampage  .   (gloves unavailable)
Will    .....                   (boots unavailable)
Stlth   +.........              (no amulet)
HPRegen 1.01/turn               (no ring)
MPRegen 0.10/turn               (no ring)

@: attractive
A: large, unfitting armour, claws 3, regeneration 1, shaggy fur 1, tough skin 1
a: no special abilities


You were on level 4 of the Dungeon.
You visited 1 branch of the dungeon, and saw 4 of its levels.

You collected 119 gold pieces.

Inventory:

Hand Weapons
 a - a +0 mace
 p - a +2 flail of draining (weapon)
Missiles
 d - 5 boomerangs of dispersal (quivered)
 g - 129 stones
 h - 5 poisoned darts
 r - 3 large rocks
 u - 3 boomerangs
 v - 3 silver boomerangs
Armour
 b - a +0 robe (worn)
Scrolls
 c - a scroll of blinking
 e - 3 scrolls of teleportation {unknown}
 j - a scroll of enchant armour {unknown}
 l - 2 scrolls of vulnerability {unknown}
 m - 2 scrolls of enchant weapon {unknown}
 t - a scroll of fear {unknown}
 w - a scroll of fog {unknown}
Potions
 f - a potion of heal wounds {unknown}
 i - a potion of mutation {unknown}
 k - a potion of resistance {unknown}
 n - 2 potions of attraction
 o - a potion of haste {unknown}
 q - a potion of curing
 s - a potion of brilliance {unknown}
 x - a potion of degeneration {unknown}


   Skills:
 + Level 3.9 Fighting
 + Level 4.3 Maces & Flails
 - Level 0.8 Throwing
 - Level 1.9 Dodging
 - Level 1.2 Spellcasting
 + Level 4.0 Translocations


You had 3 spell levels left.
You knew the following spells:

 Your Spells              Type           Power      Damage    Failure   Level
a - Manifold Assault      Tloc           9%         N/A       86%         5

Your spell library contained the following spells:

 Spells                   Type           Power      Damage    Failure   Level
 Blink                    Tloc           18%        N/A       10%         2
 Gell's Gravitas          Tloc           9%         N/A       19%         3
 Lesser Beckoning         Tloc           9%         N/A       19%         3
 Teleport Other           Tloc           9%         N/A       19%         3
 Sting                    Tmut/Pois      0%         1d3       32%         1
 Poisonous Vapours        Pois/Air       0%         N/A       43%         2
 Olgreb's Toxic Radiance  Pois           0%         N/A       97%         4


Dungeon Overview and Level Annotations

Branches:
Dungeon (4/15)
 Temple: D:4-7

Altars:
Sif Muna
Trog
The Shining One

Annotations:
D:4 Menkaure


Innate Abilities, Weirdness & Mutations

You are too large for most types of armour.
You have claws for hands.
Your natural rate of healing is unusually fast.
You are covered in fur. (AC +1)
You have tough skin. (AC +1)


Message History

You sock Menkaure!
Menkaure is moderately damaged.
The bullfrog skeleton closely misses you.
The bullfrog skeleton hits you.
Menkaure gestures at you while chanting.
Pain shoots through your body!
* * * LOW HITPOINT WARNING * * *
It was a potion of attraction.
You feel attractive to monsters.
The bullfrog skeleton hits you but does no damage.
It was a potion of curing.
You feel better.
The bullfrog skeleton hits you but does no damage.
Menkaure hits you!
* * * LOW HITPOINT WARNING * * *
You barely miss Menkaure.
Menkaure is moderately damaged.
The bullfrog skeleton hits you.
* * * LOW HITPOINT WARNING * * *
Menkaure closely misses you.
The bullfrog skeleton barely misses you.
Unknown command.
You hit Menkaure.
Menkaure is heavily damaged.
The bullfrog skeleton hits you.
* * * LOW HITPOINT WARNING * * *
Menkaure gestures at you while chanting.
Pain shoots through your body!
* * * LOW HITPOINT WARNING * * *
The bullfrog skeleton hits you.
* * * LOW HITPOINT WARNING * * *
Okay, then.
Casting: Manifold Assault (extremely dangerous; 86% risk of failure)
Confirm with . or Enter, or press ? or * to list all spells.
The spell is extremely dangerous to miscast (86% risk of failure)!
Continue anyway?
Okay, then.
Casting: Manifold Assault (extremely dangerous; 86% risk of failure)
Confirm with . or Enter, or press ? or * to list all spells.
Okay, then.
You feel better. Menkaure hits you!
You die...

.# #.# #.#.# # ##
#####.#### #.#.# .# ##
#........# #.#.##.# .#
#.....##.# #.#.#..#
..###.....##.####......###
..+.......................
..###.>......#####.....###
.## ##...##### #$Z.....#
## #...# #@......# # ###.#
#M......# #.# ###...###
#.# #...# #.# ###.# #.# .#
# #.# .# # #.# # #.#


You could see Menkaure and a bullfrog skeleton.

Vanquished Creatures
  Grinder (D:3)
  A scorpion (D:4)
  3 jellies (D:3)
  Terence (D:3)
  An orc wizard (D:1)
  5 adders
  An adder skeleton (D:4)
  A worm (D:2)
  3 dart slugs
  8 orcs
  6 ball pythons
  7 bats
  17 endoplasms
  2 giant cockroaches
  5 goblins
  5 hobgoblins
  3 jackals (D:2)
  7 quokkas
  3 frilled lizards
  16 kobolds
  5 rats
101 creatures vanquished.

Vanquished Creatures (others)
  5 fungi (D:3)
  6 toadstools (D:3)
11 creatures vanquished.

Grand Total: 112 creatures vanquished

Notes
Turn   | Place    | Note
-------+----------+-------------------------------------------
     0 | D:1      | Descartes the Troll Warper began the quest for the Orb.
     0 | D:1      | Reached XP level 1. HP: 19/19 MP: 1/1
   158 | D:1      | Reached XP level 2. HP: 28/28 MP: 2/2
   443 | D:1      | Reached XP level 3. HP: 32/35 MP: 3/3
   729 | D:1      | Reached XP level 4. HP: 8/44 MP: 4/4
   939 | D:2      | You fall into a shaft and drop 1 floor!
  1028 | D:3      | Noticed Terence
  1196 | D:3      | Killed Terence
  1204 | D:3      | Reached XP level 5. HP: 42/50 MP: 5/5
  1610 | D:2      | Found a faded altar of an unknown god.
  2067 | D:3      | Learned a level 5 spell: Manifold Assault
  2191 | D:3      | Reached XP level 6. HP: 45/61 MP: 6/6
  2222 | D:3      | Noticed Grinder
  2250 | D:3      | Paralysed by Grinder for 5 turns
  2261 | D:3      | Paralysed by Grinder for 4 turns
  2282 | D:3      | Paralysed by Grinder for 2 turns
  2286 | D:3      | Killed Grinder
  2338 | D:3      | Found a bloodstained altar of Trog.
  2338 | D:3      | Found a glowing golden altar of the Shining One.
  2555 | D:3      | Found a shimmering blue altar of Sif Muna.
  3224 | D:4      | Reached XP level 7. HP: 56/68 MP: 7/7
  3322 | D:4      | Noticed Menkaure
  3332 | D:4      | HP: 3/68 [bullfrog skeleton (4)]
  3333 | D:4      | Slain by Menkaure

Illustrated notes

Levels and vault maps discovered:
D:1:      onia_arrival_pyramid, layout_rooms, serial_glass, glass_columns_b,
          glass_columns_c, minmay_tromino_mix6
D:2:      layout_basic, serial_curves, eino_curves_03, eino_curves_04,
          hellmonk_ecumenical_altar_inner_sanctum
D:3:      cheibrodos_fertilizer, layout_basic, old_standard_altar,
          gammafunk_temple_overflow_statue, kennysheep_potato, uniq_terence,
          uniq_grinder
D:4:      layout_loops_corners, nicolae_shop_gadgets, uniq_menkaure

Skill      XL: |  1  2  3  4  5  6  7 |
---------------+----------------------+-----
Maces & Flails | 2 3 4 |  4.3
Fighting       | 2 3 |  3.9
Translocations | 3 4 |  4.0
Throwing       | |  0.8
Dodging        | |  1.9
Spellcasting   | |  1.2

Action                   |  1- 3 |  4- 6 |  7- 9 || total
-------------------------+-------+-------+-------++-------
Melee: Mace              |   120 |   123 |       ||   243
       Punch             |     3 |     1 |       ||     4
       Flail             |       |   122 |    10 ||   132
  Use: Potion            |       |       |     3 ||     3
 Stab: Sleeping          |     1 |       |       ||     1
Armor: Robe              |    46 |    99 |     4 ||   149
Dodge: Dodged            |    55 |   138 |     5 ||   198
